 Dungeon Crawl Stone Soup version 0.29.1-15-g9cfb28693d (webtiles) character file.

Game seed: 12501629661405760257

5 AppTheSpectator the Sneak (level 1, 12/12 HPs)
             Began as a Kobold Brigand on Mar 27, 2023.
             Got out of the dungeon alive.
             The game lasted 00:01:47 (226 turns).

AppTheSpectator the Sneak (Kobold Brigand)           Turns: 226, Time: 00:01:47

Health: 12/12      AC:  3    Str:  8    XL:     1   Next: 88%
Magic:  1/1        EV: 14    Int: 12    God:
Gold:   21         SH:  0    Dex: 16    Spells: 0/0 levels left

rFire   . . .      SeeInvis .   h - +3 dagger (holy)
rCold   . . .      Faith    .   (no shield)
rNeg    . . .      Spirit   .   b - +0 robe
rPois   .          Reflect  .   (no helmet)
rElec   .          Harm     .   c - +0 cloak
rCorr   .          Rampage  .   (no gloves)
Will    .....                   (no boots)
Stlth   ++++......              (no amulet)
HPRegen 0.04/turn               (no ring)
MPRegen 0.07/turn               (no ring)

@: no status effects
A: small, no large weapons, nightstalker 3
a: no special abilities


You escaped.
You visited 1 branch of the dungeon, and saw 1 of its levels.

You collected 21 gold pieces.

Inventory:

Hand Weapons
 a - a +2 dagger
 h - a +3 dagger of holy wrath (weapon)
Missiles
 d - 9 poisoned darts (quivered)
 e - 3 curare-tipped darts
Armour
 b - a +0 robe (worn)
 c - a +0 cloak (worn)
Scrolls
 f - a scroll of enchant armour {unknown}
 g - a scroll of teleportation {unknown}
Potions
 i - a potion of curing {unknown}


   Skills:
 + Level 2.3 Fighting
 + Level 2.8 Short Blades
 + Level 2.3 Throwing
 + Level 1.4 Dodging
 + Level 5.4 Stealth


You couldn't memorise any spells.
You didn't know any spells.
Your spell library was empty.

Dungeon Overview and Level Annotations

Branches:
Dungeon (1/15)

Altars:


Innate Abilities, Weirdness & Mutations

You are small and have problems with some larger weapons.
You are completely attuned to the shadows.


Message History

No target in view!
No target in view!
No target in view!
No target in view!
No target in view!
No target in view!
You see here a hobgoblin corpse.
You start resting.
HP restored.
Things that are here:
a +3 dagger of holy wrath; a kobold corpse; a quokka corpse An endoplasm comes into view.
Things that are here:
a +3 dagger of holy wrath; a kobold corpse; a quokka corpse
h - a +3 dagger of holy wrath Your +3 dagger of holy wrath softly glows with a divine radiance!
h - a +3 dagger of holy wrath (weapon)
Welcome back, AppTheSpectator the Kobold Brigand.
Press ? for a list of commands and other information.
Unknown command.
Unknown command.
Sorry, you're not good enough to have a special ability.
Okay, then.
No target in view!
Found a leather armour.
You see here a +0 leather armour.
You now have 21 gold pieces (gained 8).
i - a murky silvery potion
Found a robe.
You see here a +0 hand axe.
Found a short sword.
There is a staircase leading out of the dungeon here.
There are no items here.
There are no items here.
There are no items here.
There is a staircase leading out of the dungeon here.
Are you sure you want to leave the Dungeon?
This will make you lose the game!
Uppercase [Y]es or [N]o only, please.
Are you sure you want to leave the Dungeon?
This will make you lose the game!
You have escaped!

#.................J.....
#.......................
#...#######...#####...##
#...# #...# #...# #...#
#...# #...## #...#
#...#####.....
#...#######.............
#............[..........
#...>..@........#####...
#[.......####...# #...
#...##...# #...# #...
#...##...####...#####...
#.......................
#..............)..(.....
##################.#####
##.# #..#


There were no monsters in sight!

Vanquished Creatures
  2 hobgoblins (D:1)
  A quokka (D:1)
  A ball python (D:1)
  A kobold (D:1)
5 creatures vanquished.

Notes
Turn   | Place    | Note
-------+----------+-------------------------------------------
     0 | D:1      | AppTheSpectator the Kobold Brigand began the quest for the
                  | Orb.
     0 | D:1      | Reached XP level 1. HP: 12/12 MP: 1/1
   226 | D:$      | Got out of the dungeon alive.

Illustrated notes

Levels and vault maps discovered:
D:1:      dpeg_arrival_boxorama, layout_rooms

Action                   || total
-------------------------++-------
Melee: Dagger            ||    13
Armor: Robe              ||     1
Dodge: Dodged            ||    13
